 Dungeon Crawl Stone Soup version 0.22-a0-307-g2b15929 (webtiles) character file.

1285 mortelune the Merchant of Misery (level 8, -6/64 HPs)
             Began as a Deep Dwarf Necromancer on Apr 1, 2018.
             Was a Believer of Kikubaaqudgha.
             Hit by a large rock thrown by a cyclops (26 damage)
             ... on level 6 of the Dungeon.
             The game lasted 00:23:20 (6888 turns).

mortelune the Merchant of Misery (DDNe)             Turns: 6888, Time: 00:23:21

Health: -6/64      AC:  5    Str: 11    XL:     8   Next: 29%
Magic:  24/24      EV: 15    Int: 19    God:    Kikubaaqudgha [**....]
Gold:   262        SH:  0    Dex: 13    Spells: 6/17 levels left

rFire    . . .     SeeInvis .   b - +2 short sword (vamp)
rCold    . . .     Gourm    .   (no shield)
rNeg     . . .     Faith    .   a - +0 robe
rPois    .         Spirit   .   d - +0 helmet
rElec    .         Reflect  .   q - scarf {cloud immunity}
rCorr    .         Harm     .   e - +0 pair of gloves
MR       ++...                  j - +0 pair of boots
Stlth    ++........             (no amulet)
HPRegen  0.00/turn              m - ring of protection from magic
MPRegen  0.19/turn              u - ring of magical power

@: non-regenerating
A: damage resistance, heal wounds, sense surroundings 1, no regeneration
a: Heal Wounds, Receive Corpses, Renounce Religion


You were on level 6 of the Dungeon.
You worshipped Kikubaaqudgha.
Kikubaaqudgha was pleased with you.
You were not hungry.

You visited 1 branch of the dungeon, and saw 6 of its levels.
You also visited: Sewer.

You collected 262 gold pieces.

Inventory:

Hand Weapons
 b - a +2 vampiric short sword (weapon)
 r - a +0 flail
Armour
 a - a +0 robe (worn)
 d - a +0 helmet (worn)
 e - a +0 pair of gloves (worn)
 j - a +0 pair of boots (worn)
 q - a scarf of cloud immunity (worn)
Jewellery
 m - a ring of protection from magic (left hand)
 u - a ring of magical power (right hand)
Wands
 z - a wand of polymorph (14)
Scrolls
 g - a scroll of fog
 l - 2 scrolls of teleportation
 o - a scroll of fear {unknown}
 p - 2 scrolls of magic mapping {unknown}
 s - a scroll of noise {unknown}
 t - a scroll of blinking {unknown}
 v - a scroll of vulnerability {unknown}
 x - a scroll of remove curse
 y - a scroll of enchant armour {unknown}
Potions
 f - a potion of ambrosia {unknown}
 h - a potion of curing
 i - 2 potions of might
 k - 6 potions of brilliance
 n - 2 potions of haste
 A - a potion of heal wounds {unknown}
 B - a potion of magic {unknown}
Miscellaneous
 w - a fan of gales
Comestibles
 c - 10 rations


   Skills:
 + Level 1.4 Fighting
 + Level 6.5 Dodging
 - Level 2.4 Stealth
 + Level 5.0 Spellcasting
 + Level 7.6 Necromancy


You had 6 spell levels left.
You knew the following spells:

 Your Spells              Type           Power        Failure   Level  Hunger
a - Pain                  Necr           ####         1%          1    None
b - Animate Skeleton      Necr           N/A          1%          1    None
c - Vampiric Draining     Necr           ####......   1%          3    ##.....
d - Animate Dead          Necr           N/A          5%          4    ####...
e - Corpse Rot            Necr           N/A          1%          2    #......


Dungeon Overview and Level Annotations

Branches:
Dungeon (6/15)
 Temple: D:4-7

Altars:
Gozag
Kikubaaqudgha
Ru
Vehumet
Wu Jian
Xom
Zin

Shops:
D:5 [[

Annotations:
D:3 mortelune's ghost, amateur DDNe
D:4 xccam's ghost, amateur FoFi


Innate Abilities, Weirdness & Mutations

You are resistant to damage.
You can heal yourself by infusing magical energy.
You passively map a small area around you.
You do not regenerate.


Message History

Aiming: Vampiric Draining (safe; 1% risk of failure)
Press: ? - help, Shift-Dir - straight line, f - giant cockroach
Aim: a giant cockroach You kill the giant cockroach!
Kikubaaqudgha accepts your kill.
You feel life coursing into your body.
You start resting.
Magic restored.
Found a robe.
You now have enough gold to buy the +1 scale mail "Ciyllagu" {Int+2} on D:5.
You can access your shopping list by pressing '$'.
You now have 249 gold pieces (gained 11).
You see here a robe.
B - a brown potion You now have 262 gold pieces (gained 13).
You see here a giant club.
The cyclops shouts!
The cyclops throws a large rock.
The large rock hits you!!
You die...
Kikubaaqudgha rasps: "You have failed me!
Welcome... death!"

,, #..... ##.##...###.# ......
............. * * * *
#.#.#.###.##...###.# #.#.#..
#..........# * *
**###.#.##.##.##...##### , , ,
,C..#.##..#.##........ * *
#######.#.###.#.##........ * **
#....................##### ,
,,###.#####.#@<##.#.##.#.#####
,,#...#####+#Z.##.#.##........
#.###....................... *#.#
#...)....###..##........ # #.#
#......#.# #..##........ ## #.#
#......#.###..##........ .# #.#
#......#................
.#####'###......#.####..#........
................#.# ##.#.#'###..


You could see a cyclops and a friendly bullfrog zombie.

Vanquished Creatures
  An ice beast (D:6)
  2 centaurs
  3 ogres
  Blork the orc (D:5)
  A scorpion (D:6)
  A bullfrog zombie (D:5)
  An orc priest (D:5)
  2 hounds
  3 bullfrog skeletons
  An iguana (D:5)
  A hound skeleton (D:5)
  15 adders
  A shadow imp (D:5)
  4 oozes
  4 worms
  3 dart slugs
  6 leopard geckos
  7 orcs
  5 ball pythons
  7 giant cockroaches
  3 goblins
  3 hobgoblins
  4 jackals
  4 quokkas
  9 bats
  8 frilled lizards
  A jackal skeleton (D:4)
  7 kobolds
  8 rats
116 creatures vanquished.

Vanquished Creatures (collateral kills)
  2 bullfrogs (Sewer)
  A centaur zombie (D:6)
  A bullfrog skeleton (D:4)
  A howler monkey zombie (D:6)
  An adder (D:2)
  An adder skeleton (D:4)
  An orc (D:3)
  A frilled lizard (Sewer)
9 creatures vanquished.

Grand Total: 125 creatures vanquished

Notes
Turn   | Place    | Note
-------+----------+-------------------------------------------
     0 | D:1      | mortelune the Deep Dwarf Necromancer began the quest for the Orb.
     0 | D:1      | Reached XP level 1. HP: 15/15 MP: 3/3
     2 | D:1      | Learned a level 1 spell: Animate Skeleton
   267 | D:1      | Reached XP level 2. HP: 7/22 MP: 0/5
  1108 | D:2      | Reached XP level 3. HP: 9/28 MP: 0/6
  1113 | D:2      | Learned a level 3 spell: Vampiric Draining
  1595 | D:2      | Reached skill level 5 in Necromancy
  1707 | D:2      | Reached XP level 4. HP: 29/36 MP: 0/7
  1779 | D:2      | Found a shimmering altar of Xom.
  1779 | D:2      | Found an ancient bone altar of Kikubaaqudgha.
  1779 | D:2      | Found an ornate altar of the Wu Jian Council.
  1780 | D:2      | Found an opulent altar of Gozag.
  1782 | D:2      | Found a sacrificial altar of Ru.
  1784 | D:2      | Found a glowing silver altar of Zin.
  1785 | D:2      | Found a radiant altar of Vehumet.
  1788 | D:2      | Became a worshipper of Kikubaaqudgha
  2725 | D:3      | Noticed a centaur
  2821 | D:3      | Reached XP level 5. HP: 41/42 MP: 3/9
  2827 | D:3      | Learned a level 4 spell: Animate Dead
  2903 | D:3      | Noticed mortelune's ghost (amateur DDNe)
  3014 | D:3      | Killed a centaur
  3190 | D:3      | Reached * piety under Kikubaaqudgha
  3190 | D:3      | Identified Kikubaaqudgha's Volume of Black Rites (Kikubaaqudgha gifted it to you on level 3 of the Dungeon)
  3190 | D:3      | Received a gift from Kikubaaqudgha
  3689 | D:4      | Reached XP level 6. HP: 32/49 MP: 0/11
  3691 | D:4      | Noticed xccam's ghost (amateur FoFi)
  3956 | D:4      | Reached skill level 6 in Necromancy
  4121 | D:4      | Learned a level 2 spell: Corpse Rot
  4364 | D:5      | Entered Level 5 of the Dungeon
  4428 | D:5      | Reached skill level 5 in Dodging
  4462 | D:5      | Reached XP level 7. HP: 18/55 MP: 12/12
  4481 | D:5      | Found a glowing drain.
  4481 | D:5      | Found Kaseubly's Armour Shoppe.
  4502 | Sewer    | Entered a sewer
  4963 | Sewer    | Reached ** piety under Kikubaaqudgha
  5475 | D:5      | Noticed Blork the orc
  5482 | D:5      | Killed Blork the orc
  5559 | D:5      | Reached skill level 7 in Necromancy
  5696 | D:5      | Found Weopysm's Armour Boutique.
  6239 | D:6      | Noticed a cyclops
  6321 | D:6      | Reached XP level 8. HP: 18/62 MP: 15/15
  6449 | D:6      | Reached skill level 1 in Fighting
  6611 | D:6      | Reached skill level 5 in Spellcasting
  6888 | D:6      | Hit by a large rock thrown by a cyclops

Vault maps used:
D:1:      erik_arrival_gehennom, minmay_hedge_maze
D:2:      minitemple, first_ration, serial_glass, glass_columns_a,
          glass_columns_a, glass_columns_b, glass_columns_a
D:3:      st_stairs_14
D:4:      serial_bayou_pond_e
D:5:      serial_shops, nicolae_shop_crystal, shop,
          cheibrodos_sewer_entry_drain, uniq_blork_the_orc
D:6:      minmay_temple_entry_trees
Sewer:    sewer_frog_island_01

Skill      XL: |  1  2  3  4  5  6  7  8 |
---------------+-------------------------+-----
Spellcasting   | 2 3 4 5 |  5.0
Dodging        | 3 4 5 6 |  6.5
Necromancy     | 5 6 7 |  7.6
Fighting       | 1 |  1.4
Stealth        | |  2.4

Action                   |  1- 3 |  4- 6 |  7- 9 || total
-------------------------+-------+-------+-------++-------
Melee: Unarmed           |    10 |       |       ||    10
       Short sword       |     5 |    29 |    34 ||    68
       Flail             |       |    36 |    15 ||    51
 Cast: Pain              |    46 |    55 |    35 ||   136
       Animate Skeleton  |     7 |     6 |     2 ||    15
       Vampiric Draining |     9 |    34 |    39 ||    82
       Animate Dead      |       |     5 |     7 ||    12
Invok: Receive Corpses   |       |       |     2 ||     2
  Use: Scroll            |     3 |     5 |       ||     8
       Potion            |       |     1 |       ||     1
 Stab: Distracted        |       |     1 |       ||     1
  Eat: Chunk             |     4 |    13 |     7 ||    24
       Ration            |       |       |     3 ||     3
Armor: Robe              |     4 |    15 |    15 ||    34
Dodge: Dodged            |    14 |    72 |    68 ||   154

Table legend:
 A = Spawn XP
 B = Non-spawn XP
 C = Spawn XP percentage of total XP
 D = Spawn monster count
 E = Non-spawn monster count
 F = Spawn count percentage of total count
 G = Total turns spent on level
                    A         B        C        D         E        F      G
               +---------+---------+-------+---------+---------+-------+---------
         Total |       0 |    1836 |   0.0 |       0 |     125 |   0.0 |  6888
               +---------+---------+-------+---------+---------+-------+---------
           D:1 |       0 |      34 |   0.0 |       0 |      15 |   0.0 |  1102
           D:2 |       0 |     146 |   0.0 |       0 |      31 |   0.0 |  1775
           D:3 |       0 |     179 |   0.0 |       0 |      19 |   0.0 |   893
           D:4 |       0 |     238 |   0.0 |       0 |      13 |   0.0 |   594
           D:5 |       0 |     592 |   0.0 |       0 |      18 |   0.0 |  1103
           D:6 |       0 |     412 |   0.0 |       0 |       8 |   0.0 |   583
         Sewer |       0 |     235 |   0.0 |       0 |      21 |   0.0 |   838
               +---------+---------+-------+---------+---------+-------+---------
